 Dungeon Crawl Stone Soup version bcrawl-1.12.2 (webtiles) character file.

Game seed: 5635218049949135452

49 MisterOstroum the Digger (level 3, 0/20 HPs)
             Began as a Gargoyle Earth Elementalist on July 18, 2019.
             Killed from afar by an orc wizard (7 damage)
             ... with a magic dart
             ... on level 2 of the Dungeon.
             The game lasted 00:04:50 (1482 turns).

MisterOstroum the Digger (GrEE)                     Turns: 1482, Time: 00:04:50

Health: 0/20       AC:  5    Str: 12    XL:     3   Next: 75%
Magic:  6/6        EV: 12    Int: 15    God:
Gold:   113        SH:  0    Dex: 10    Spells: 0/6 levels left

rFire    . . .     SeeInvis .   n - +0 flail
rCold    . . .     Gourm    .   (no shield)
rNeg     + . .     Faith    .   c - +0 robe
rPois    ∞         Spirit   .   (no helmet)
rElec    +         Reflect  .   (no cloak)
rCorr    .         Harm     .   (no gloves)
MR       .....                  (no boots)
Stlth    ++........             (no amulet)
HPRegen  0.06/turn              (no ring)
MPRegen  0.10/turn              (no ring)

@: very slightly contaminated
A: negative energy resistance 1, electricity resistance, unbreathing,
petrification resistance, rot immunity, AC +3
a: no special abilities


You were on level 2 of the Dungeon.
You were hungry.

You visited 1 branch of the dungeon, and saw 2 of its levels.

You collected 113 gold pieces.

Inventory:

Hand Weapons
 a - a +0 hand axe
 n - a +0 flail (weapon)
Missiles
 b - 565 stones (quivered)
 d - 237 javelins
Armour
 c - a +0 robe (worn)
 o - a +0 helmet
Scrolls
 f - 2 scrolls of blinking {unknown}
 h - a scroll of amnesia {unknown}
 j - a scroll of enchant armour {unknown}
 k - 2 scrolls of identify {unknown}
Potions
 g - a potion of invisibility {unknown}
 i - a potion of magic
 m - 2 potions of lignification {unknown}
Comestibles
 e - 9 rations {!d}
 l - a chunk of flesh


   Skills:
 + Level 1.5 Fighting
 - Level 1.5 Dodging
 - Level 2.4 Stealth
 + Level 2.4 Spellcasting
 - Level 0.7 Transmutations
 * Level 4.7 Earth Magic


You couldn't memorise any spells.
You knew the following spells:

 Your Spells              Type           Power        Failure   Level  Hunger
a - Sandblast             Erth           ###...       3%          1    #......
b - Stone Arrow           Conj/Erth      #.....       24%         3    ###....
c - Passwall              Tmut/Erth      ##......     11%         2    ###....

Your spell library contained the following spells:

 Spells                   Type           Power        Failure   Level  Hunger
 Petrify                  Tmut/Erth      ##......     56%         4    #####..
 Lee's Rapid Deconstruct  Erth           ###.......   63%         5    ######.


Dungeon Overview and Level Annotations

Branches:
Dungeon (2/12)

Altars:
Nemelex Xobeh


Innate Abilities, Weirdness & Mutations

You are resistant to torment.
Your stone body is resilient. (AC +3)
You are immune to poison.
You resist negative energy. (rN+)
You are resistant to electric shocks. (rElec)
You can survive without breathing.
You are immune to petrification.
You are immune to rotting.


Message History

No target in view!
No target in view!
No target in view!
No target in view!
No target in view!
You butcher the frilled lizard corpse.
l - 3 chunks of flesh (gained 1)
You see here a frilled lizard skeleton. x2
d - 237 javelins (gained 155)
A kobold comes into view. It is wielding a +0 club.
The kobold shouts!
A kobold is nearby!
A kobold is nearby!
Found an escape hatch in the ceiling.
The kobold barely misses you.
You barely miss the kobold. The kobold misses you.
You sock the kobold!
You kill the kobold!
No target in view!
No target in view!
No target in view!
No target in view!
No target in view!
No target in view!
No target in view!
No target in view!
No target in view!
No target in view!
No target in view!
No target in view!
No target in view!
No target in view!
Found a helmet.
Things that are here:
a +0 club; a kobold corpse
o - a helmet
Found a leather armour.
An orc and an orc wizard come into view.
The orc wizard moves out of view.
An orc comes into view. It is wielding a +0 falchion.
The orc wizard mumbles some strange words.
The orc wizard seems to speed up.
You hear a shout!
The orc shouts!
Casting: Stone Arrow (safe; 24% risk of failure)
Confirm with . or Enter, or press ? or * to list all spells.
Aiming: Stone Arrow (safe; 24% risk of failure)
Press: ? - help, Shift-Dir - straight line, f - orc
Aim: an orc, wielding a +0 dagger and wearing a +0 leather armour The stone arrow hits the orc.
You kill the orc!
The orc wizard begins to cast a cantrip, but forgets the words!
An orc comes into view.
Casting: Stone Arrow (safe; 24% risk of failure)
Confirm with . or Enter, or press ? or * to list all spells.
Aiming: Stone Arrow (safe; 24% risk of failure)
Press: ? - help, Shift-Dir - straight line, f - orc wizard
Aim: an orc wizard, wielding a +0 dagger and wearing a +0 robe (fast)
You miscast Stone Arrow.
You are very lightly contaminated with residual magic.
You are momentarily dazzled by a flash of light!
You are feeling hungry.
The orc wizard casts a spell at you. The magic dart hits you!
You closely miss the orc wizard. The orc wizard casts a spell at you.
The magic dart hits you!
The orc wizard hits you with a +0 dagger.
You hit the orc wizard.
The orc wizard is moderately wounded.
The orc wizard hits you but does no damage. x2
You hit the orc wizard.
The orc wizard is moderately wounded.
The orc wizard hits you but does no damage. x2
Some of the chunks of flesh in your inventory have rotted away.
You closely miss the orc wizard.
The orc wizard is moderately wounded.
The orc wizard hits you with a +0 dagger.
The orc wizard casts a spell at you. The magic dart hits you!
You thump the orc wizard!
The orc wizard is severely wounded.
The orc wizard hits you but does no damage. x2
Casting: Stone Arrow (safe; 24% risk of failure)
Confirm with . or Enter, or press ? or * to list all spells.
Aiming: Sandblast (safe; 3% risk of failure)
Press: ? - help, Shift-Dir - straight line, f/p - orc wizard
Aim: an orc wizard, wielding a +0 dagger and wearing a +0 robe (severely wounded, fast)
The blast of sand hits the orc wizard.
The orc wizard is almost dead.
b - 565 stones The orc wizard misses you.
The orc wizard casts a spell.
The orc wizard flickers and vanishes!
Deactivating autopickup; reactivate with Ctrl-A.
You completely miss something.
Something hits you but does no damage. x2
It was a potion of magic.
Magic courses through your body.
You hear some strange, mumbled words.
A magic dart appears from out of thin air!
The magic dart hits you!
You die...

## .# .# ####
.#####..##########
....#............#
......#.########@#
....#...# #{#
.########
#....oo.# .#
#.#.....). .#
#.##..#.# ## ...
...#.# .# .. #.#
#..# # .# ... #.
.... .##.... #
..##


You could see 2 orcs.

Vanquished Creatures
  An adder (D:2)
  A worm (D:2)
  2 leopard geckos (D:1)
  An orc (D:2)
  3 bats (D:1)
  2 giant cockroaches (D:1)
  5 hobgoblins
  4 kobolds
  4 frilled lizards
  6 goblins
  5 rats
34 creatures vanquished.

Notes
Turn   | Place    | Note
-------+----------+-------------------------------------------
     0 | D:1      | MisterOstroum the Gargoyle Earth Elementalist began the
                  | quest for the Orb.
     0 | D:1      | Reached XP level 1. HP: 10/10 MP: 3/3
   160 | D:1      | Reached skill level 4 in Earth Magic
   160 | D:1      | Reached XP level 2. HP: 15/16 MP: 5/5
   321 | D:1      | Reached skill level 1 in Fighting
   520 | D:1      | Reached XP level 3. HP: 14/20 MP: 6/6
   708 | D:1      | Learned a level 3 spell: Stone Arrow
   711 | D:1      | Learned a level 2 spell: Passwall
   810 | D:2      | Found a sparkling altar of Nemelex Xobeh.
  1482 | D:2      | Killed from afar by an orc wizard

Skill      XL: |  1  2 |
---------------+-------+-----
Earth Magic    | 4 |  4.7
Fighting       | 1 |  1.5
Dodging        | |  1.5
Stealth        | |  2.4
Spellcasting   | |  2.4
Transmutations | |  0.7

Action                   || total
-------------------------++-------
Melee: Hand axe          ||    55
       Flail             ||    22
Throw: Stone             ||     4
 Cast: Sandblast         ||     9
       Stone Arrow       ||     3
       Passwall          ||     2
  Use: Potion            ||     1
 Stab: Sleeping          ||     3
  Eat: Chunk             ||     2
Armor: Robe              ||    29
Dodge: Dodged            ||    52
